Map: Cyber Forest LE

Players

PappiJoe

  • Race: Protoss Protoss
  • Spawn Location: 5:00

Wanderer - Winner!

  • Race: Terran Terran
  • Spawn Location: 11:00

Event: 2019 WCS Summer

VOD

Have the link to the VOD?

Description

Time

  • Played on: July 12, 2019, 10:04 a.m.
  • Length: 14:15

All games in this series

Show
View Real Time Build Order
Export as new Build Order

PappiJoe Protoss 

Build Orders: Dark Templar Rush 

Get SALT Encoding   

  12  0:09  Pylon  
  12  0:13  Probe  
  13  0:27  Probe, Gateway  
  14  0:35  Probe  
  14  0:41  Assimilator  
  15  0:45  Probe  
  16  0:51  Assimilator  
  16  0:57  Probe  
  17  1:09  Probe  
  18  1:14  Cybernetics Core  
  18  1:21  Probe  
  19  1:33  Probe  
  19  1:35  Pylon  
  20  1:40  Adept  
  20  1:45  Probe  
  23  1:57  Probe  
  23  1:58  Robotics Facility  
  24  2:10  Stalker, Probe  
  27  2:15  Warp Gate  
  27  2:24  Pylon  
  27  2:35  Twilight Council  
  27  2:45  Immortal  
  27  2:52  Gateway  
  31  3:15  Warp Prism  
  29  3:22  Dark Shrine  
  29  3:26  Gateway  
  31  3:37  Pylon  
  31  3:50  Observer  
  32  4:02  Nexus  
  31  4:10  Probe  
  32  4:35  Dark Templar x2  
  32  4:36  Probe  
  36  4:47  Warp Prism  
  36  4:48  Probe  
  37  5:01  Probe  
  37  5:02  Dark Templar  
  38  5:13  Probe  
  37  5:15  Probe  
  38  5:23  Charge, Probe  
  38  5:24  Probe  
  40  5:31  Probe  
  40  5:32  Probe  
  41  5:39  Probe  
  41  5:41  Probe  
  42  5:44  Nexus  
  44  5:51  Probe  
  44  5:52  Pylon  
  44  5:54  Probe  
  46  6:03  Probe  
  47  6:06  Probe  
  47  6:07  Gateway  
  47  6:08  Gateway  
  47  6:11  Sentry  
  50  6:15  Probe  
  50  6:16  Gateway  
  50  6:18  Probe  
  52  6:27  Probe  
  52  6:30  Gateway  
  52  6:32  Gateway  
  53  6:33  Probe  
  53  6:39  Probe  
  55  6:41  Zealot  
  55  6:42  Zealot x2  
  62  6:47  Probe  
  62  6:50  Pylon  
  62  6:59  Probe x2  
  64  7:02  Zealot x2  
  64  7:03  Gateway  
  64  7:06  Gateway  
  64  7:07  Zealot  
  70  7:08  Zealot  
  70  7:10  Probe  
  70  7:11  Probe  
  70  7:12  Probe  
  75  7:20  Observer  
  76  7:23  Zealot x4  
  76  7:25  Phoenix  
  76  7:26  Sentry  
  76  7:28  Stalker  
  88  7:33  Probe, Zealot x2  
  93  7:43  Pylon  
  93  7:45  Pylon  
  93  7:48  Pylon  
  93  7:52  Pylon  
  93  7:55  Pylon  
  93  8:01  Probe x2  
  93  8:02  Pylon  
  95  8:08  Zealot x7  
  95  8:09  Zealot  
  111  8:15  Zealot x2  
  112  8:32  Zealot x8  
  104  9:02  Zealot x9  
  94  9:10  Zealot  
  94  9:22  Zealot x9  
  112  9:24  Blink  
  112  9:38  Zealot x2  
  114  9:45  Zealot x6  
  114  9:46  Zealot x2  
  126  9:53  Probe x2  
  124  10:01  Assimilator  
  124  10:03  Assimilator  
  124  10:12  Forge  
  124  10:14  Nexus  
  124  10:15  Forge  
  124  10:18  Templar Archives  
  124  10:22  Pylon  
  124  10:23  Protoss Ground Armor Level 1, Protoss Ground Weapons Level 1  
  124  10:26  Pylon  
  122  10:31  Psionic Storm  
  122  10:36  Probe x3  
  122  10:41  Sentry  
  127  10:48  Probe x2  
  129  10:57  Assimilator  
  129  11:04  Zealot  
  129  11:05  Zealot x5  
  129  11:07  Pylon  
  129  11:11  Pylon  
  141  11:16  Probe x3  
  142  11:28  Probe x3  
  145  11:33  High Templar x2  
  147  11:41  Zealot, High Templar  
  151  11:48  Zealot x6  
  153  12:03  Pylon  
  153  12:13  Stalker, Zealot x4  
  153  12:14  Stalker x5  
  137  12:39  Stalker x5  
  137  12:40  Zealot  
  137  12:41  Probe  
  137  12:42  Assimilator, Probe  
  137  12:44  Assimilator  
  149  12:45  Archon  
  149  12:51  Zealot x4  
  157  12:52  Probe x2  
  157  12:58  Probe x2  
  159  13:04  Probe  
  160  13:06  Pylon  
  114  13:20  High Templar x2  
  114  13:21  Zealot x8  
  114  13:25  Probe x2  
  99  13:41  Zealot  
  99  13:42  Zealot x7  
  113  13:53  Stalker x2  
  115  13:58  Archon, Nexus  
  115  13:59  Robotics Facility  
  111  14:03  Zealot x8  
Show
View Real Time Build Order
Export as new Build Order

Wanderer Terran - Winner!

Build Orders: Reaper Expand 

Get SALT Encoding   

  12  0:00  SCV  
  13  0:12  SCV  
  14  0:17  Supply Depot  
  14  0:25  SCV  
  15  0:39  SCV  
  15  0:40  Barracks  
  16  0:43  Refinery  
  16  0:51  SCV  
  17  1:03  SCV  
  18  1:15  SCV  
  19  1:29  Orbital Command, Reaper  
  20  1:42  Command Center  
  20  1:52  Bunker  
  20  1:55  SCV  
  21  2:02  Barracks Reactor  
  21  2:06  Supply Depot  
  21  2:07  SCV  
  22  2:18  Refinery  
  22  2:19  SCV  
  23  2:29  Factory  
  23  2:33  SCV  
  24  2:41  Marine x2  
  26  2:51  SCV  
  26  2:58  Supply Depot  
  27  3:02  Marine x2  
  29  3:14  SCV  
  29  3:16  Factory Tech Lab  
  29  3:19  Starport  
  30  3:21  Supply Depot  
  30  3:25  Marine x2  
  31  3:30  Orbital Command  
  31  3:36  Cyclone  
  31  3:40  SCV  
  35  3:51  Marine x2  
  35  3:52  SCV  
  38  3:59  Viking  
  39  4:03  SCV  
  39  4:04  SCV  
  41  4:11  Marine x2, Widow Mine  
  41  4:16  SCV  
  46  4:17  Refinery  
  46  4:29  Marine x2, SCV  
  49  4:39  SCV  
  49  4:42  SCV  
  49  4:45  Factory Tech Lab, Engineering Bay  
  51  4:46  Supply Depot  
  51  4:52  Raven  
  50  5:05  SCV  
  50  5:18  SCV  
  51  5:23  SCV  
  51  5:24  Marine x2, Missile Turret  
  54  5:30  SCV  
  54  5:33  Widow Mine  
  57  5:36  SCV  
  59  5:42  SCV  
  59  5:43  Marine x2  
  60  5:54  SCV  
  60  5:55  SCV  
  60  5:57  Siege Tank  
  65  5:59  Barracks  
  65  6:02  Barracks  
  65  6:07  SCV  
  65  6:09  Starport Tech Lab, Marine  
  67  6:13  SCV  
  68  6:19  Marine  
  68  6:20  SCV  
  68  6:24  Terran Infantry Weapons Level 1  
  70  6:36  Supply Depot  
  70  6:37  Starport Reactor  
  70  6:42  Supply Depot  
  70  6:46  Marine, SCV x2  
  73  6:48  Stimpack  
  73  6:49  Marauder  
  75  6:55  Combat Shield  
  75  6:56  Marauder  
  75  6:58  SCV  
  78  7:01  Refinery  
  78  7:02  SCV  
  78  7:03  Marine  
  78  7:08  Siege Tank  
  83  7:11  SCV  
  83  7:12  Marine  
  83  7:13  Marine  
  83  7:15  SCV  
  87  7:20  Marauder  
  87  7:21  Marine  
  90  7:23  SCV  
  91  7:30  Marine, Medivac  
  94  7:38  Medivac  
  94  7:39  Marine  
  94  7:40  Marauder  
  94  7:41  Supply Depot  
  94  7:43  Supply Depot  
  99  7:45  Marauder  
  99  7:48  Marine  
  99  7:49  Barracks  
  102  7:55  Barracks  
  102  8:02  Marine  
  102  8:03  Marauder  
  105  8:09  Marine x2  
  105  8:11  SCV  
  105  8:12  SCV  
  109  8:21  Marine  
  109  8:23  SCV  
  109  8:24  Marauder  
  113  8:28  Marauder  
  113  8:33  Marine  
  116  8:37  Barracks Reactor, SCV  
  117  8:46  Command Center  
  117  8:48  Marine  
  117  8:49  Concussive Shells  
  117  8:54  Marauder  
  118  8:55  Marauder  
  95  9:10  Marine x2  
  95  9:14  Marine x2  
  95  9:15  Marauder, SCV x2  
  105  9:17  Marauder  
  105  9:20  Factory Reactor, Terran Infantry Armor Level 1  
  105  9:21  Armory  
  105  9:23  Engineering Bay  
  105  9:27  Marine, SCV  
  105  9:30  Medivac x2  
  111  9:37  Marauder  
  113  9:39  Marine x2  
  113  9:40  Marauder  
  113  9:42  Ghost Academy  
  110  9:57  Marine x3  
  110  9:58  Marauder  
  112  10:06  Bunker  
  112  10:07  Supply Depot  
  112  10:08  Supply Depot  
  112  10:16  Marine x2  
  112  10:19  Terran Infantry Weapons Level 2  
  116  10:25  Ghost  
  116  10:26  Ghost  
  118  10:29  SCV  
  116  10:40  Marine x2, Ghost  
  120  10:47  Orbital Command  
  120  10:53  Sensor Tower  
  120  10:55  Marauder  
  120  10:56  SCV x2  
  124  11:04  Ghost  
  124  11:05  Marine x2  
  124  11:08  Ghost, SCV  
  131  11:17  Marine x2  
  131  11:18  Marauder, Widow Mine x2  
  139  11:22  Marine  
  140  11:29  Marine  
  141  11:33  Marauder  
  141  11:35  Marine x2  
  141  11:36  SCV  
  141  11:37  Refinery  
  141  11:38  Marauder, Refinery, Supply Depot  
  148  11:40  Marine, Supply Depot  
  148  11:44  Liberator  
  149  12:00  Marauder, Marine x2, Widow Mine x2, Supply Depot x2  
  149  12:01  Marine x2, Supply Depot  
  157  12:02  Marauder, Supply Depot  
  157  12:04  Liberator  
  164  12:14  Marine  
  165  12:19  Marine  
  165  12:20  Command Center  
  162  12:27  Liberator  
  150  12:32  Marauder x2, Marine x3  
  150  12:34  Marine  
  150  12:35  Widow Mine x2  
  154  12:37  Marine  
  153  12:49  Marine x2, Supply Depot  
  153  12:50  Marine  
  159  12:52  Marauder  
  159  12:53  Marine x2  
  159  12:55  Marine  
  159  12:56  Widow Mine x2  
  168  13:07  Marine x3  
  168  13:12  Marauder x2  
  161  13:13  Marine  
  161  13:15  Marine  
  161  13:17  Widow Mine x2  
  152  13:25  Marine x3  
  145  13:31  Marine  
  145  13:33  Marine, Marauder x2  
  157  13:35  SCV  
  157  13:36  SCV x2  
  157  13:39  Widow Mine x2  
  164  13:43  Marine x2  
Tags
 
Add a new tag
Caveats
  • Supply blocks, unpowered buildings, or Contaminate may cause inaccurate times.
  • Supply counts are checked every 10 seconds.